 Dungeon Crawl Stone Soup version 0.30.1-11-g7821555f0a (webtiles) character file.

Game seed: 1183593097831932213

128 Woods the Magician (level 5, 0/38 HPs)
             Began as a Djinni Conjurer on Oct 27, 2023.
             Slain by Crazy Yiuf
             ... wielding a +2 quarterstaff of chaos
              (1 damage)
             ... on level 2 of the Dungeon.
             The game lasted 00:02:55 (1634 turns).

Woods the Magician (Djinni Conjurer)                Turns: 1634, Time: 00:02:57

Health: 0/38       AC:  2    Str:  6    XL:     5   Next: 34%
Gold:   136        EV: 13    Int: 21    God:
                   SH:  0    Dex: 12

rFire   + + .        (no weapon)
rCold   x . .        (no shield)
rNeg    . . .        a - +0 robe
rPois   ∞            (no helmet)
rElec   .            (no cloak)
rCorr   .            (no gloves)
SInv    .            (boots unavailable)
Will    .....        (no amulet)
Stlth   ++           (no ring)
HPRegen 0.26/turn    (no ring)
MPRegen 0.00/turn

%: infuse magic (-1 HP)
@: flying, very slightly contaminated
A: sickness immunity, fire resistance 2, cold vulnerability 1, float, innate
caster, HP casting, extra vitality 1
a: no special abilities


You were on level 2 of the Dungeon.
You visited 1 branch of the dungeon, and saw 2 of its levels.

You collected 136 gold pieces.

Inventory:

Armour
 a - a +0 robe (worn)
Wands
 e - a wand of mindburst (10)
Scrolls
 b - a scroll of teleportation {unknown}
 d - a scroll of identify {unknown}
 g - a scroll of vulnerability {unknown}
 i - a scroll of brand weapon {unknown}
Potions
 c - 2 potions of berserk rage {unknown}
 f - a potion of ambrosia {unknown}
 h - a potion of curing {unknown}


   Skills:
 + Level 1.9 Fighting
 + Level 3.4 Dodging
 + Level 2.6 Stealth
 + Level 3.7 Spellcasting


You knew the following spells:

 Your Spells              Type           Power      Damage    Failure   Level
a - Magic Dart            Conj           76%        1d6       2%          1
b - Searing Ray           Conj           38%        2d5       4%          2
c - Dazzling Flash        Conj/Hex       38%        N/A       8%          3
d - Fulminant Prism       Conj/Hex       9%         3d6       26%         4
e - Iskenderun's Mystic   Conj/Tloc      19%        2d6       26%         4
f - Foxfire               Conj/Fire      76%        2x1d7     2%          1
g - Wereblood             Tmut           19%        N/A       4%          2
Your spell library was empty.

Dungeon Overview and Level Annotations

Branches:
Dungeon (2/15)

Altars:

Annotations:
D:2 Crazy Yiuf


Innate Abilities, Weirdness & Mutations

You are immune to sickness and miasma.
You are immune to poison.
Your flesh is very heat resistant. (rF++)
You are vulnerable to cold. (rC-)
You float through the air rather than walking.
You learn spells naturally, not from books.
Your magical power is your life essence.
You have superior vitality. (+4 MHP)


Message History

The searing ray hits Natasha.
You kill Natasha!
You feel Natasha's spirit has finally been put to rest. (Press . to maintain the ray.) Crazy Yiuf shouts!
Crazy Yiuf says, "Scoff Orb Guardian agre!"
Could not explore, unopened runed door.
Could not explore, unopened runed door.
Crazy Yiuf grits, "Shower return to song broken!"
Unknown command.
You reach down and open the door.
Crazy Yiuf whimpers, "Candle verde sow!"
Casting: Searing Ray (safe; 4% risk of failure)
Confirm with . or Enter, or press ? or * to list all spells.
Casting: Dazzling Flash (dangerous; 8% risk of failure)
Press: ? - help, Dir - look around, f - activate Crazy Yiuf hits you with a +2 quarterstaff of chaos!
You suddenly lose the ability to move!
Crazy Yiuf hits you with a +2 quarterstaff of chaos!
You can move again.
Casting: Dazzling Flash (dangerous; 8% risk of failure)
Confirm with . or Enter, or press ? or * to list all spells.
Casting: Dazzling Flash (dangerous; 8% risk of failure)
Press: ? - help, Dir - look around, f - activate
* * * LOW HITPOINT WARNING * * *
Crazy Yiuf says, "Orb!
Shower bush fast."
Crazy Yiuf closely misses you.
Unknown command.
Unknown command.
Casting: Dazzling Flash (dangerous; 8% risk of failure)
Confirm with . or Enter, or press ? or * to list all spells.
The spell is extremely dangerous to miscast (26% risk of failure)!
Continue anyway?
You miscast Iskenderun's Mystic Blast.
You are very lightly contaminated with residual magic.
Nothing appears to happen.
* * * LOW HITPOINT WARNING * * *
Crazy Yiuf hits you with a +2 quarterstaff of chaos.
* * * LOW HITPOINT WARNING * * *
Crazy Yiuf freezes you.
You die...

#....####.#
##.#..
##..## #.#
#.#.. ♣....♣
#.# #.#..
♣♣.P.♣ #.#
###.#..
♣♣.♣♣ #.#
#...#.. ♣♣.♣
#.# #.###..
♣.♣♣ #.#
#.###.. ♣♣.♣
#.# #....[.
♣@♣♣
#.###..##..
#g#
##..........
...
#:.......#..
#...#
#####.#..#..
#)..#
#.###....
#####
##.#..##.
##......
##..### #..#


You could see Crazy Yiuf.

Vanquished Creatures
  Natasha (thrice) (D:2)
  2 adders (D:2)
  A worm (D:2)
  3 ball pythons (D:1)
  An endoplasm (D:1)
  A giant cockroach (D:2)
  3 goblins (D:2)
  5 hobgoblins
  2 jackals (D:1)
  5 kobolds
  A quokka (D:2)
  5 bats
  2 frilled lizards (D:1)
  A rat (D:2)
35 creatures vanquished.

Notes
Turn   | Place    | Note
-------+----------+-------------------------------------------
     0 | D:1      | Woods the Djinni Conjurer began the quest for the Orb.
     0 | D:1      | Woods set off with the following spells memorised: Magic
                  | Dart, Searing Ray, Dazzling Flash, Fulminant Prism,
                  | Iskenderun's Mystic Blast.
     0 | D:1      | Reached XP level 1. HP: 15/15 MP: 0/0
   113 | D:1      | Reached XP level 2. HP: 18/21 MP: 0/0
   648 | D:2      | Reached XP level 3. HP: 23/26 MP: 0/0
   648 | D:2      | Learned a level 1 spell: Foxfire
   803 | D:2      | Reached skill level 1 in Fighting
   862 | D:2      | Noticed Natasha
   866 | D:2      | Killed Natasha
   867 | D:2      | Reached XP level 4. HP: 22/32 MP: 0/0
  1395 | D:2      | Noticed Natasha
  1398 | D:2      | Killed Natasha
  1399 | D:2      | Reached XP level 5. HP: 35/38 MP: 0/0
  1399 | D:2      | Learned a level 2 spell: Wereblood
  1427 | D:2      | Found a runed translucent door.
  1428 | D:2      | Noticed Crazy Yiuf
  1513 | D:2      | Noticed Natasha
  1517 | D:2      | Killed Natasha
  1631 | D:2      | Paralysed by Crazy Yiuf for 2 turns
  1634 | D:2      | HP: 1/38 [Crazy Yiuf/+2 quarterstaff of chaos (6)]
  1634 | D:2      | Slain by Crazy Yiuf

Illustrated notes

Levels and vault maps discovered:
D:1:      spicycebolla_arrival_transporter_tutorial, layout_basic
D:2:      layout_loops_ring, basic_altar, grunt_decor_clamped,
          serial_bayou_lagoon_a, minmay_small_reverse_x,
          uniq_crazy_yiuf_cottage, uniq_natasha

Skill      XL: |  1  2  3 |
---------------+----------+-----
Stealth        | 2 |  2.6
Fighting       | 1 |  1.9
Dodging        | 3 |  3.4
Spellcasting   | |  3.7

Action                     |  1- 3 |  4- 6 || total
---------------------------+-------+-------++-------
  Melee: Unarmed           |     1 |       ||     1
   Cast: Magic Dart        |    32 |     3 ||    35
         Searing Ray       |     9 |     8 ||    17
         Dazzling Flash    |       |     2 ||     2
 Armour: Robe              |     1 |       ||     1
  Dodge: Dodged            |     3 |     1 ||     4
